 Dungeon Crawl Stone Soup version 0.18-a0-1721-gc4d1f22 (webtiles) character file.

1535 Implojin the Martial Artist (level 8, -8/64 HPs)
             Began as a Mummy Monk on Apr 9, 2016.
             Killed from afar by an orc wizard (18 damage)
             ... with a puff of flame
             ... on level 6 of the Dungeon.
             The game lasted 00:35:02 (10303 turns).

Implojin the Martial Artist (Mummy Monk)           Turns: 10303, Time: 00:35:03

Health: -8/64      AC:  5    Str: 14    XL:     8   Next: 55%
Magic:  8/8        EV: 13    Int: 17    God:
Gold:   173        SH:  0    Dex: 17    Spells: 0 memorised, 7 levels left

rFire  x . .     SeeInvis .       - Unarmed
rCold  + . .     Gourm    .     (no armour)
rNeg   + + +     Faith    .     (no shield)
rPois  ∞         Spirit   .     v - +2 hat
rElec  +         Dismiss  .     i - +0 cloak "Yghiss" {*Contam rElec Int+8}
rCorr  .         Reflect  .     j - +0 pair of gloves
SustAt .         Harm     .     s - +0 pair of boots
MR     +....                    (no amulet)
Stlth  ++........               (no ring)
                                (no ring)

@: very slightly contaminated, somewhat resistant to hostile enchantments,
unstealthy
A: no food or potions, fire vulnerability, cold resistance 1, negative energy
resistance 3, torment resistance, unbreathing
a: no special abilities


You were on level 6 of the Dungeon.
You were not hungry.

You visited 1 branch of the dungeon, and saw 6 of its levels.

You collected 365 gold pieces.
You spent 192 gold pieces at shops.

Inventory:

Hand Weapons
 e - a +4 quarterstaff of chaos
Armour
 a - a +0 helmet
 i - the +0 cloak "Yghiss" (worn) {*Contam rElec Int+8}
   (You found it on level 4 of the Dungeon)

   It affects your intelligence (+8).
   It insulates you from electricity.
   It causes magical contamination when unequipped.
 j - a +0 pair of gloves (worn)
 l - a +0 cloak
 s - a +0 pair of boots (worn)
 t - a +0 cloak
 v - a +2 hat (worn)
Jewellery
 h - an uncursed ring of ice
 k - an uncursed amulet of guardian spirit
 q - an uncursed amulet of faith {unknown}
Wands
 n - a wand of teleportation (5/9)
 p - a wand of disintegration (1/24)
 r - a wand of random effects (20/48)
 w - a wand of lightning (9/15)
Scrolls
 b - 5 scrolls of magic mapping
 c - 4 scrolls of remove curse
 d - 3 scrolls of random uselessness
 f - 2 scrolls of noise
 g - 2 scrolls of recharging
 o - a scroll of fog
 x - a scroll of enchant armour
Books
 m - a book of Flames

   Spells                             Type                      Level
   a - Flame Tongue                   Conjuration/Fire             1
   b - Throw Flame                    Conjuration/Fire             2
   c - Conjure Flame                  Conjuration/Fire             3
   d - Inner Flame                    Hexes/Fire                   3
   e - Sticky Flame                   Conjuration/Fire             4
   f - Fireball                       Conjuration/Fire             5
 u - a book of Enchantments

   Spells                             Type                      Level
   a - Cause Fear                     Hexes                        4
   b - Yara's Violent Unravelling     Hexes/Transmutation          5
   c - Silence                        Hexes/Air                    5
   d - Deflect Missiles               Charms/Air                   6
   e - Haste                          Charms                       6
   f - Discord                        Hexes                        8


   Skills:
 * Level 6.1 Fighting
 - Level 2.4 Dodging
 - Level 1.5 Stealth
 - Level 8.5 Unarmed Combat


You had 7 spell levels left.
You didn't know any spells.

Dungeon Overview and Level Annotations

Branches:
Dungeon (6/15)             Temple (0/1) D:4

Altars:
Gozag
Nemelex Xobeh
Pakellas
Ru
Xom
Zin
The Shining One

Shops:
D:5 [

Annotations:
D:1 Terence
D:2 8 exclusions, Sigmund
D:5 Eustachio
D:6 Edmund


Innate Abilities, Weirdness & Mutations

You do not eat or drink.
Your flesh is vulnerable to fire.
You are immune to poison.
Your flesh is cold resistant.
You are immune to negative energy.
You are immune to unholy pain and torment.
You can survive without breathing.


Message History

The orc closely misses you.
You hit the orc.
The orc is heavily wounded.
The orc closely misses you. The orc hits you but does no damage.
You completely miss the orc.
The orc is heavily wounded.
The orc hits you but does no damage. The orc hits you with a mace.
* * * LOW HITPOINT WARNING * * *
The orc completely misses you.
You hear some strange, mumbled words.
A magic dart appears from out of thin air!
The magic dart hits you!
* * * LOW HITPOINT WARNING * * *
Things that are here:
a club; 11 gold pieces Something hits you.
* * * LOW HITPOINT WARNING * * *
Something hits you but does no damage.
You miss something. Something hits you but does no damage.
You hear some strange, mumbled words.
A magic dart appears from out of thin air!
The magic dart hits you!
* * * LOW HITPOINT WARNING * * *
You closely miss something.
You hear some strange, mumbled words.
A puff of flame appears from out of thin air!
The puff of flame hits you! The fire burns you terribly!
* * * LOW HITPOINT WARNING * * *
Read which item? (? for menu, Esc to quit)
Okay, then.
Read which item? (? for menu, Esc to quit)
Blink to where?
Press: ? - help, Dir - move target cursor You are very lightly contaminated with residual magic.
As you read the scroll of blinking, it crumbles to dust.
A puff of flame appears from out of thin air!
The puff of flame hits you! The fire burns you terribly!
You die...

........# ##..###......## ##.##
.......## #...#..###...## #..#
#......# #.....## #....####.#
##.....#######.....# #).#...#...
#.................####)####...##
##.....###......#..##..# #..##
###.......##..#..##.....# #.####
.....###.....###.####...####.....
##...######.## #@# #.##.........
##....# #.# #.## .#####.####..
##.### #.# ##[##. ##.####. #.#
### #<#.# ##(..##. #.# #)#.
#.####.# #.# #### ### #.# ### ###


There were no monsters in sight!

Vanquished Creatures
  A water moccasin (D:6)
  A sky beast (D:6)
  2 ogres
  A phantom (D:4)
  A giant frog (D:6)
  2 scorpions (D:4)
  A howler monkey (D:4)
  3 crimson imps
  A jelly (D:4)
  A giant frog zombie (D:6)
  Crazy Yiuf (D:3)
  6 orc priests
  A centaur skeleton (D:5)
  A gnoll shaman (D:4)
  Jessica (D:2)
  3 orc wizards
  A worker ant (D:6)
  5 gnolls
  13 adders
  2 river rats (D:5)
  A howler monkey skeleton (D:5)
  2 shadow imps
  3 oozes
  3 worms
  A dart slug (D:2)
  4 giant geckos
  18 orcs
  4 bats
  3 giant cockroaches
  5 hobgoblins
  8 jackals
  2 quokkas
  A ball python (D:1)
  A giant gecko skeleton (D:4)
  4 giant newts
  6 goblins
  2 jackal skeletons (D:6)
  7 kobolds
  2 quokka skeletons
  7 rats
132 creatures vanquished.

Vanquished Creatures (others)
  2 orc wizards (D:3)
  3 orcs (D:3)
5 creatures vanquished.

Grand Total: 137 creatures vanquished

Notes
Turn   | Place    | Note
--------------------------------------------------------------
     0 | D:1      | Implojin the Mummy Monk began the quest for the Orb.
     0 | D:1      | Reached XP level 1. HP: 18/18 MP: 1/1
   537 | D:1      | Reached XP level 2. HP: 24/24 MP: 2/2
   903 | D:1      | Reached skill level 4 in Unarmed Combat
  1003 | D:1      | Reached XP level 3. HP: 29/29 MP: 3/3
  1621 | D:2      | Noticed Sigmund
  1662 | D:2      | Noticed Jessica
  1736 | D:2      | Noticed Terence
  2300 | D:3      | Found a glowing golden altar of the Shining One.
  2322 | D:3      | Noticed a phantom
  2536 | D:2      | Killed Jessica
  2536 | D:2      | Reached XP level 4. HP: 25/35 MP: 4/4
  2800 | D:2      | Found a sacrificial altar of Ru.
  2982 | D:2      | Reached skill level 5 in Unarmed Combat
  3244 | D:3      | Reached XP level 5. HP: 40/41 MP: 5/5
  3287 | D:3      | Found a sparkling altar of Nemelex Xobeh.
  3472 | D:3      | Noticed Crazy Yiuf
  3483 | D:3      | Noticed an angel
  3484 | D:3      | Found a shimmering altar of Xom.
  3485 | D:3      | Found a glowing silver altar of Zin.
  3844 | D:3      | Found an opulent altar of Gozag.
  3927 | D:3      | Noticed an ogre
  4315 | D:4      | Got a pitted cloak
  4321 | D:4      | Identified the +0 cloak "Yghiss" {*Contam rElec Int+8} (You found it on level 4 of the Dungeon)
  4410 | D:4      | Reached skill level 6 in Unarmed Combat
  4412 | D:4      | Found a staircase to the Ecumenical Temple.
  4737 | D:3      | Killed Crazy Yiuf
  4737 | D:3      | Reached XP level 6. HP: 23/47 MP: 6/6
  5318 | D:3      | Reached skill level 4 in Fighting
  5876 | D:4      | Found an oddly glowing altar of Pakellas.
  5970 | D:4      | Reached skill level 5 in Fighting
  5970 | D:4      | Reached XP level 7. HP: 27/56 MP: 7/7
  6417 | D:5      | Entered Level 5 of the Dungeon
  6444 | D:5      | Reached skill level 6 in Fighting
  6490 | D:5      | Noticed Eustachio
  7630 | D:5      | Reached skill level 7 in Unarmed Combat
  8160 | D:6      | Reached XP level 8. HP: 18/64 MP: 8/8
  8724 | D:5      | Found Nybos's Armour Shoppe.
  8759 | D:5      | Bought a +2 hat for 192 gold pieces
  9258 | D:6      | Reached skill level 8 in Unarmed Combat
 10181 | D:6      | Noticed Edmund
 10303 | D:6      | Killed from afar by an orc wizard

Vault maps used:
D:1:      minmay_arrival_widening_spiral_narrow
D:2:      nicolae_ru_the_path_less_chosen, uniq_jessica, uniq_terence,
          uniq_sigmund
D:3:      grunt_temple_overflow_order_and_chaos_1, lemuel_doored_altar,
          nicolae_overflow_crystal_walls, nemelex_deck, uniq_crazy_yiuf_cottage
D:4:      minmay_temple_entry_trees, johnstein_pakellas_dig
D:5:      first_bread, portal_sewer_entry_a, serial_shops,
          nicolae_shop_window_shopping, uniq_eustachio
D:6:      minmay_misc_feat_room, uniq_edmund

Skill      XL: |  1  2  3  4  5  6  7  8 |
---------------+-------------------------+-----
Unarmed Combat | 4 5 6 7 8 |  8.5
Fighting       | 5 6 |  6.1
Dodging        | |  2.4
Stealth        | |  1.5

Action                   |  1- 3 |  4- 6 |  7- 9 || total
-------------------------+-------+-------+-------++-------
Melee: Unarmed           |   115 |   254 |   281 ||   650
  Use: Scroll            |       |     5 |     4 ||     9
 Stab: Sleeping          |     4 |     2 |       ||     6
       Distracted        |     1 |       |     1 ||     2
       Invisible         |       |     2 |       ||     2

Table legend:
 A = Turns spent in this place as a percentage of turns spent in the entire game.
 B = Non-inter-level travel turns spent in this place as a percentage of non-inter-level travel turns spent in the entire game.
 C = Inter-level travel turns spent in this place as a percentage of turns spent in this place.
 D = Turns resting spent in this place as a percentage of non-inter-level travel turns spent in this place.
 E = Turns spent auto-exploring this place as a percentage of non-inter-level travel turns spent in this place.
 F = Non-inter-level travel turns spent in this place divided by the number of levels of this place that you've seen.
                   A       B       C       D       E      F
               +-------+-------+-------+-------+-------+----------------------
         Total | 100.0 | 100.0 |   0.4 |   2.2 |   3.8 | 652.3
       Dungeon | 100.0 | 100.0 |   0.4 |   2.2 |   3.8 | 652.3
               +-------+-------+-------+-------+-------+----------------------

Table legend:
 A = Kills in this place as a percentage of kills in entire the game.
 B = Kills by you in this place as a percentage of kills by you in the entire game.
 C = Kills by friends in this place as a percentage of kills by friends in the entire game.
 D = Other kills in this place as a percentage of other kills in the entire game.
 E = Experience gained in this place as a percentage of experience gained in the entire game.
 F = Experience gained in this place divided by the number of levels of this place that you have seen.
                   A       B       C       D       E      F
               +-------+-------+-------+-------+-------+----------------------
         Total | 100.0 | 100.0 |  -nan |  -nan | 100.0 | 365.7
       Dungeon | 100.0 | 100.0 |  -nan |  -nan | 100.0 | 365.7
               +-------+-------+-------+-------+-------+----------------------
